 Dungeon Sprint DCSS version 0.28-a0-206-gc2c9e32840 (webtiles) character file.

Game seed: 12967498044661833113

13584 MikeHunt the Impaler (level 12, -31/101 (108) HPs)
             Began as a Merfolk Gladiator on Aug 20, 2021.
             Was a High Priest of Okawaru.
             Killed from afar by an orc sorcerer (42 damage)
             ... with a bolt of negative energy
             ... in the Dungeon (Sprint IX: "|||||||||||||||||||||||||||||").
             The game lasted 00:08:18 (2222 turns).

MikeHunt the Impaler (Merfolk Gladiator)            Turns: 2222, Time: 00:08:19

HP:   -31/101 (108) AC: 20    Str: 19    XL:     12   Next: 7%
MP:   19/19         EV: 19    Int: 10    God:    Okawaru [*****.]
Gold: 1297          SH:  0    Dex: 19    Spells: 11/11 levels left

rFire   . . .      SeeInvis .   i - +2 halberd (venom)
rCold   . . .      Faith    .   (shield currently unavailable)
rNeg    . . .      Spirit   .   n - +1 chain mail
rPois   .          Reflect  .   c - +0 helmet
rElec   .          Harm     .   x - +0 cloak
rCorr   .          Rampage  .   (no gloves)
Will    .....      NoTele   +   l - +0 pair of boots
Stlth   ..........              (no amulet)
HPRegen 0.26/turn               o - +3 ring of strength
MPRegen 0.16/turn               p - +3 ring of intelligence

@: heroic, on berserk cooldown, slowed, drained, very slow
A: (nimble swimmer 2), mertail
a: Renounce Religion, Heroism, Finesse, Duel


You were in the Dungeon.
You worshipped Okawaru.
Okawaru was extremely pleased with you.
You visited 1 branch You collected 1297 gold pieces.

Inventory:

Hand Weapons
 a - a +0 trident
 i - a +2 halberd of venom (weapon)
 v - a +1 spear of flaming {god gift}
Missiles
 d - 2 throwing nets
 u - 5 boomerangs (quivered) {god gift}
Armour
 b - a +0 leather armour
 c - a +0 helmet (worn)
 l - a +0 pair of boots (worn)
 m - a +0 helmet
 n - a +1 chain mail (worn)
 x - a +0 cloak (worn)
Jewellery
 o - a +3 ring of strength (left hand)
 p - a +3 ring of intelligence (right hand)
 w - a ring of flight
Wands
 h - a wand of paralysis (2)
Scrolls
 j - a scroll of blinking
 s - 2 scrolls of identify
 t - 3 scrolls of fog
Potions
 e - 6 potions of curing
 g - a potion of haste
 q - 2 potions of mutation
 z - 4 potions of magic


   Skills:
 + Level 14.4(19.4) Fighting
 - Level 16.0(21.0) Polearms
 + Level 6.0(11.0) Throwing
 + Level 11.8(16.8) Armour
 + Level 15.3(20.3) Dodging
 + Level 10.0 Invocations
 + Level 10.5 Evocations


You had 11 spell levels left.
You didn't know any spells.
Your spell library was empty.

Dungeon Overview and Level Annotations

Branches:
Dungeon (1/1)

Altars:
Cheibriados
Dithmenos
Elyvilon
Fedhas
Gozag
Hepliaklqana
Kikubaaqudgha
Makhleb
Nemelex Xobeh
Okawaru
Qazlal
Ru
Sif Muna
Trog
Uskayaw
Vehumet
Wu Jian
Xom
Yredelemnul
Zin
The Shining One
Beogh
Jiyva
Lugonu

Shops:
D (=


Innate Abilities, Weirdness & Mutations

((You are quick and stealthy near water. (Stealth+, EV+, Speed+++)))
Your lower body shifts to a powerful aquatic tail in water.


Message History

The orc high priest looks as sick as possible!
The orc high priest is almost dead.
The orc high priest is engulfed in seething chaos.
The orc high priest hits you but does no damage.
Reach: i) +2 halberd (venom)
Press: ? - help, Dir - move target, f/p - orc high priest
Aim: an orc high priest, wielding a +0 flail and wearing a +0 chain mail (seething chaos, almost dead, extremely poisoned, about 26% to evade your +2 halberd of venom)
You slice the orc high priest!!
You kill the orc high priest!
Okawaru accepts your kill.
The sixfirhy disappears in a puff of smoke!
Your base Throwing skill increases to level 6!
Your Invocations skill increases to level 10!
Reach: i) +2 halberd (venom)
Press: ? - help, Dir - move target, f - orc sorcerer
Aim: an orc sorcerer, wielding a +0 dagger and wearing a +2 robe of positive energy (about 30% to evade your +2 halberd of venom)
You reach to attack!
You hit the orc sorcerer.
The orc sorcerer is poisoned.
The orc sorcerer is lightly wounded.
Reach: i) +2 halberd (venom)
Press: ? - help, Dir - move target, f/p - orc sorcerer
Aim: an orc sorcerer, wielding a +0 dagger and wearing a +2 robe of positive energy (lightly wounded, very poisoned, about 30% to evade your +2 halberd of venom)
You barely miss the orc sorcerer.
The orc sorcerer is lightly wounded.
The orc sorcerer completely misses you.
Reach: i) +2 halberd (venom)
Press: ? - help, Dir - move target, f/p - orc sorcerer
Aim: an orc sorcerer, wielding a +0 dagger and wearing a +2 robe of positive energy (lightly wounded, very poisoned, about 30% to evade your +2 halberd of venom)
You puncture the orc sorcerer!
The orc sorcerer looks as sick as possible!
The orc sorcerer is severely wounded.
You are no longer berserk.
You are exhausted.
You feel yourself slow down.
Okay, then.
Unknown command.
You closely miss the orc sorcerer.
The orc sorcerer is severely wounded.
The orc sorcerer points at you and mumbles some strange words.
The bolt of negative energy hits you!!!
You feel drained.
You die...

▓.▓.▓(▓.▓
▓.▓.▓.▓.▓.▓
▓.▓.▓.▓.▓∩▓
▓.▓.▓.▓.▓.▓
▓.▓.▓.▓.▓∩▓
▓.▓.▓.▓.▓$▓
▓)▓.▓.▓.▓$▓
▓?▓.▓.▓.▓o▓
▓.▓.▓.▓.▓@▓
▓'▓.▓÷▓.▓)▓
▓_▓.▓.▓.▓(▓
▓_▓.▓.▓.▓.▓
▓_▓.▓.▓.▓.▓
▓_▓.▓.▓.▓.▓
▓_▓.▓.▓.▓.▓
▓_▓.▓.▓.▓.▓
▓_▓.▓.▓.▓.▓


You could see an orc sorcerer (extremely poisoned).

Vanquished Creatures
  3 two-headed ogres (D)
  3 orc high priests (D)
  4 orc knights (D)
  An orc sorcerer (D)
  2 elephants (D)
  Maurice (D)
  8 cane toads (D)
  A rime drake (D)
  3 komodo dragons (D)
  A troll (D)
  A slime creature (D)
  A blink frog (D)
  A tyrant leech (D)
  3 yaks (D)
  2 vampire mosquitoes (D)
  An acid dragon (D)
  A water moccasin (D)
  10 orc warriors (D)
  2 wolves (D)
  An ogre (D)
  A scorpion (D)
  3 bullfrogs (D)
  A howler monkey (D)
  2 orc priests (D)
  2 iguanas (D)
  6 orc wizards (D)
  9 orcs (D)
  2 hobgoblins (D)
  A bat (D)
  A frilled lizard (D)
  A giant cockroach zombie (D)
  A rat (D)
80 creatures vanquished.

Vanquished Creatures (others)
  A steam dragon (D)
1 creature vanquished.

Grand Total: 81 creatures vanquished

Notes
Turn   | Place    | Note
-------+----------+-------------------------------------------
     0 | D        | MikeHunt the Merfolk Gladiator began the quest for the Orb.
     0 | D        | Reached XP level 1. HP: 16/16 MP: 1/1
     6 | D        | Reached skill level 5 in Polearms
     9 | D        | Reached skill level 6 in Polearms
    21 | D        | Noticed an orc wizard
    21 | D        | Noticed an iguana
    21 | D        | Noticed an iguana
    21 | D        | Noticed a scorpion
    21 | D        | Noticed an ogre
    30 | D        | Killed an ogre
    31 | D        | Reached skill level 12 in Polearms
    31 | D        | Reached XP level 2. HP: 21/22 MP: 2/2
    31 | D        | Reached XP level 3. HP: 26/27 MP: 3/3
    31 | D        | Reached XP level 4. HP: 31/33 MP: 4/4
    31 | D        | Killed a scorpion
    32 | D        | Reached skill level 13 in Polearms
    32 | D        | Reached skill level 1 in Armour
    32 | D        | Reached skill level 5 in Dodging
    32 | D        | Reached XP level 5. HP: 41/42 MP: 5/5
    39 | D        | Reached XP level 6. HP: 49/50 MP: 6/6
   133 | D        | Found a snail-covered altar of Cheibriados.
   133 | D        | Found a shadowy altar of Dithmenos.
   133 | D        | Found a white marble altar of Elyvilon.
   133 | D        | Found a blossoming altar of Fedhas.
   133 | D        | Found an opulent altar of Gozag.
   134 | D        | Found a hazy altar of Hepliaklqana.
   135 | D        | Found a viscous altar of Jiyva.
   136 | D        | Found an ancient bone altar of Kikubaaqudgha.
   137 | D        | Found a corrupted altar of Lugonu.
   138 | D        | Found a burning altar of Makhleb.
   139 | D        | Found a sparkling altar of Nemelex Xobeh.
   140 | D        | Found an iron altar of Okawaru.
   141 | D        | Found a stormy altar of Qazlal.
   142 | D        | Found a sacrificial altar of Ru.
   143 | D        | Found a shimmering blue altar of Sif Muna.
   144 | D        | Found a bloodstained altar of Trog.
   145 | D        | Found a hide-covered altar of Uskayaw.
   146 | D        | Found a radiant altar of Vehumet.
   147 | D        | Found an ornate altar of the Wu Jian Council.
   148 | D        | Became a worshipper of Warmaster Okawaru
   149 | D        | Found a shimmering altar of Xom.
   150 | D        | Found a basalt altar of Yredelemnul.
   151 | D        | Found a glowing silver altar of Zin.
   152 | D        | Found a glowing golden altar of the Shining One.
   196 | D        | Noticed a two-headed ogre
   196 | D        | Noticed a steam dragon
   196 | D        | Noticed an orc warrior
   211 | D        | Killed an orc warrior
   212 | D        | Reached skill level 5 in Fighting
   219 | D        | Killed a steam dragon
   220 | D        | Reached skill level 14 in Polearms
   226 | D        | Killed a two-headed ogre
   226 | D        | Reached * piety under Okawaru
   226 | D        | Reached ** piety under Okawaru
   226 | D        | Reached *** piety under Okawaru
   227 | D        | Reached skill level 15 in Polearms
   227 | D        | Reached skill level 5 in Armour
   227 | D        | Reached skill level 10 in Dodging
   227 | D        | Reached skill level 5 in Evocations
   227 | D        | Reached XP level 7. HP: 52/62 MP: 7/7
   227 | D        | Reached XP level 8. HP: 57/68 MP: 8/8
   327 | D        | Noticed a troll
   327 | D        | Noticed a slime creature
   327 | D        | Noticed a two-headed ogre
   327 | D        | Noticed a two-headed ogre
   337 | D        | Killed a two-headed ogre
   338 | D        | Reached XP level 9. HP: 17/76 MP: 6/11
   339 | D        | Reached **** piety under Okawaru
   339 | D        | Killed a troll
   340 | D        | Reached skill level 10 in Fighting
   340 | D        | Reached skill level 5 in Invocations
   342 | D        | Killed a two-headed ogre
   344 | D        | HP: 4/82 [acid (18)]
   786 | D        | Noticed a komodo dragon
   800 | D        | Killed a komodo dragon
   800 | D        | Reached ***** piety under Okawaru
   801 | D        | Reached XP level 10. HP: 82/89 MP: 10/13
   807 | D        | Reached skill level 16 in Polearms
   808 | D        | Noticed a cane toad
   833 | D        | Killed a cane toad
   833 | D        | Received a gift from Okawaru
   834 | D        | Reached skill level 10 in Armour
   845 | D        | Noticed a cane toad
   845 | D        | Noticed an elephant
   845 | D        | Noticed a cane toad
   845 | D        | Noticed an elephant
   851 | D        | Noticed a cane toad
   855 | D        | Killed an elephant
   868 | D        | Killed a cane toad
   873 | D        | Received a gift from Okawaru
   879 | D        | Killed an elephant
   884 | D        | Killed a cane toad
   891 | D        | Killed a cane toad
   893 | D        | Reached XP level 11. HP: 55/98 MP: 9/16
  1094 | D        | Received a gift from Okawaru
  1415 | D        | Noticed Maurice
  1417 | D        | Paralysed by Maurice for 7 turns
  1426 | D        | Paralysed by Maurice for 6 turns
  1433 | D        | Killed Maurice
  1697 | D        | Noticed an orc knight
  1697 | D        | Noticed an orc knight
  1715 | D        | Noticed an orc knight
  1718 | D        | Killed an orc knight
  1726 | D        | Noticed an orc knight
  1728 | D        | Killed an orc knight
  1728 | D        | Received a gift from Okawaru
  1745 | D        | HP: 2/99 [orc knight (32)]
  1752 | D        | Killed an orc knight
  1763 | D        | Killed an orc knight
  1764 | D        | Reached skill level 10 in Evocations
  2169 | D        | Found Jaghuh's Jewellery Boutique.
  2169 | D        | Noticed an orc high priest
  2169 | D        | Noticed an orc sorcerer
  2169 | D        | Noticed an orc high priest
  2171 | D        | Noticed an orc high priest
  2184 | D        | Killed an orc high priest
  2185 | D        | Reached skill level 5 in Throwing
  2185 | D        | Reached skill level 15 in Dodging
  2189 | D        | Paralysed by an orc sorcerer for 7 turns
  2191 | D        | Killed an orc sorcerer
  2200 | D        | Noticed an orc sorcerer
  2204 | D        | Killed an orc high priest
  2204 | D        | Received a gift from Okawaru
  2205 | D        | Reached XP level 12. HP: 13/108 MP: 19/19
  2209 | D        | Found Urhialod's Antique Weapon Shop.
  2218 | D        | Killed an orc high priest
  2219 | D        | Reached skill level 10 in Invocations
  2222 | D        | Killed from afar by an orc sorcerer

Illustrated notes

Levels and vault maps discovered:
D:        linesprint [early_d, line_temple, items_1, d_10, items_2, lair_1,
          lair_end, items_3, orc_1, orc_end, items_4, d_15, swamp_1, shoals_1,
          snake_1, spider_1, d_20, vaults_1, items_5, swamp_end, shoals_end,
          snake_end, spider_end, vaults_end, d_27, items_6, zot_1, zot_end,
          crypt_end, forest_end, elf_end, slime_end, tomb_end, abyss_end,
          pan_hell_end]

Skill      XL: |  1  2  3  4  5  6  7  8  9 10 11 12 |
---------------+-------------------------------------+-----
Polearms       | 12 13 15 16 | 16.0
Fighting       | 3 4 8 9 12 13 14 | 14.4
Armour         | 1 2 5 6 8 10 11 | 11.8
Dodging        | 5 6 10 11 12 13 15 | 15.3
Evocations     | 5 7 8 10 | 10.5
Invocations    | 3 5 7 9 10 | 10.0
Throwing       | 5 6 |  6.0

Action                   |  1- 3 |  4- 6 |  7- 9 | 10-12 || total
-------------------------+-------+-------+-------+-------++-------
Melee: Trident           |    19 |    35 |    28 |       ||    82
       Halberd           |       |       |    13 |   241 ||   254
Throw: Throwing net      |       |       |     1 |       ||     1
       Boomerang         |       |       |       |    21 ||    21
Invok: Heroism           |       |       |     2 |     6 ||     8
       Finesse           |       |       |       |     2 ||     2
Evoke: Wand              |       |       |     4 |     7 ||    11
  Use: Potion            |     1 |     1 |     2 |     4 ||     8
       Scroll            |       |       |       |     2 ||     2
 Stab: Invisible         |       |     7 |       |       ||     7
       Paralysed         |       |       |       |     2 ||     2
Armor: Chain mail        |       |     1 |     6 |    48 ||    55
Dodge: Dodged            |    11 |    12 |    15 |    76 ||   114

Table legend: (Time is in decaauts)
 A = Elapsed time spent in this place.
 B = Non-inter-level travel time spent in this place.
 C = Inter-level travel time spent in this place.
 D = Time resting spent in this place.
 E = Time spent auto-exploring this place.
 F = Levels seen in this place.
 G = Mean time per level.
                   A        B        C        D        E       F      G
               +--------+--------+--------+--------+--------+-----+--------+
         Total |   2094 |   2080 |     14 |   1310 |      0 |   1 | 2094.0 |
       Dungeon |   2094 |   2080 |     14 |   1310 |      0 |   1 | 2094.0 |
               +--------+--------+--------+--------+--------+-----+--------+

Top non-repeatable levels by time:
       D: 2094 daAuts
